 Dungeon Crawl Stone Soup version 0.29.0-11-gd7f09526c8 (webtiles) character file.

Game seed: 420865691839343797

130 Acheron the Shield-Bearer (level 4, 0/35 HPs)
             Began as a Vampire Fighter on Sept 3, 2022.
             Slain by a gnoll
             ... wielding a +0 halberd
              (15 damage)
             ... on level 2 of the Dungeon.
             The game lasted 00:06:13 (1828 turns).

Acheron the Shield-Bearer (Vampire Fighter)         Turns: 1828, Time: 00:06:14

Health: 0/35       AC:  6    Str: 15    XL:     4   Next: 89%
Magic:  4/4        EV:  9    Int: 10    God:
Gold:   106        SH: 10    Dex: 15    Spells: 3/3 levels left

rFire   . . .      SeeInvis +   a - +0 war axe
rCold   . . .      Faith    .   c - +0 buckler
rNeg    . . .      Spirit   .   b - +0 scale mail
rPois   .          Reflect  +   (no helmet)
rElec   .          Harm     .   (no cloak)
rCorr   .          Rampage  .   (no gloves)
Will    .....                   (no boots)
Stlth   +.........              h - amulet of reflection
HPRegen 0.31/turn               (no ring)
MPRegen 0.09/turn               (no ring)

@: healing quickly
A: alive, fangs 3, see invisible, vampiric 2
a: Exsanguinate


You were on level 2 of the Dungeon.
You visited 1 branch of the dungeon, and saw 4 of its levels.

You collected 106 gold pieces.

Inventory:

Hand Weapons
 a - a +0 war axe (weapon)
 q - a +1 spear of freezing
Missiles
 p - a poisoned dart (quivered)
 r - 2 throwing nets
Armour
 b - a +0 scale mail (worn)
 c - a +0 buckler (worn)
 n - an orb of energy
Magical Staves
 j - a staff of cold
Jewellery
 h - an amulet of reflection (around neck)
Scrolls
 e - a scroll of summoning {unknown}
 f - a scroll of teleportation {unknown}
 l - a scroll of butterflies {unknown}
 m - 3 scrolls of magic mapping {unknown}
 s - a scroll of enchant armour {unknown}
Potions
 d - a potion of might
 g - a potion of degeneration {unknown}
 i - a potion of heal wounds
 k - a potion of curing {unknown}
 o - a potion of invisibility {unknown}


   Skills:
 + Level 3.0 Fighting
 + Level 2.6 Axes
 + Level 2.6 Armour
 * Level 1.6 Dodging
 * Level 2.9 Stealth
 * Level 3.5 Shields


You had 3 spell levels left.
You didn't know any spells.
Your spell library was empty.

Dungeon Overview and Level Annotations

Branches:
Dungeon (4/15)
 Temple: D:4-7

Altars:
Ashenzari
Kikubaaqudgha

Shops:
D:2 [   D:3 [

Annotations:
D:1 exclusion: downstairs
D:2 exclusion: downstairs
D:3 Natasha


Innate Abilities, Weirdness & Mutations

Your natural rate of healing is accelerated.
You have razor-sharp teeth.
You have supernaturally acute eyesight. (SInv)
You are afflicted with vampirism and can become a bat while bloodless.


Message History

Press: ? - help, Q - select action, (/) - cycle Shift-Dir - straight line, f/p - gnoll
Aim: a gnoll, wielding a +0 halberd (lightly wounded, 63% to hit)
You throw a poisoned dart.
The poisoned dart closely misses the gnoll.
You block the gnoll's attack. The gnoll closely misses you.
You hear a zap.
You hear a grinding noise.
You slash the gnoll!
The gnoll is almost dead.
The gnoll closely misses you. x2; The gnoll misses you.
You block the gnoll's attack.
You closely miss the gnoll.
The gnoll is almost dead.
The gnoll hits you from afar with a +0 halberd!
The gnoll closely misses you.
You hit the gnoll.
You kill the gnoll!
You block the gnoll's attack. You block the gnoll's attack.
The gnoll barely misses you.
Things that are here:
a +0 halberd; a poisoned dart You hit the gnoll.
The gnoll is lightly wounded.
The gnoll hits you from afar with a +0 halberd.
The gnoll barely misses you.
The gnoll hits you from afar with a +0 halberd.
You block the gnoll's attack. You block the gnoll's attack. x2
You hit the gnoll.
The gnoll is heavily wounded.
You barely miss the gnoll. You block the gnoll's attack. x2
You hit the gnoll but do no damage. Your bite misses the gnoll.
The gnoll is heavily wounded.
You barely miss the gnoll. The gnoll barely misses you.
You block the gnoll's attack. The gnoll barely misses you.
The gnoll hits you with a +0 halberd!
You barely miss the gnoll. You bite the gnoll.
The gnoll is severely wounded.
You hit the gnoll. The gnoll hits you with a +0 halberd!
You die...

#..# #.....#...##...#.# ...#
#..#.....######..# ##'##
#..#.......#..#### #...##
######.....#..# .....#######.#
#..#.....###### #
..<...##.....###..#.......#..# ##
.......#.##...####.##.....#..###.
..>...†))......g)......#.......'.
......†#).#...##@##....#......##.
......##.#...##g##########...#.##
.....###...#.#.# #.###.###.#
#...## #.#.#..# #.##.## ##. ##'##
#.#....## #...## ## #. #.......##
####.## ##. # ###.##...##
###.###.# #.# #...# #..).#... ..#
♣♣♣♣♣♣ ♣#g# #.###.##.


You could see 2 gnolls.

Vanquished Creatures
  5 gnolls (D:2)
  2 adders (D:2)
  A worm (D:2)
  A dart slug (D:2)
  4 orcs (D:3)
  4 ball pythons
  6 bats
  3 endoplasms
  3 giant cockroaches
  4 goblins
  5 hobgoblins
  4 jackals (D:2)
  5 kobolds
  A quokka (D:2)
  A frilled lizard (D:2)
  5 rats
54 creatures vanquished.

Vanquished Creatures (others)
  3 bushes (D:2)
  2 plants (D:2)
5 creatures vanquished.

Grand Total: 59 creatures vanquished

Notes
Turn   | Place    | Note
-------+----------+-------------------------------------------
     0 | D:1      | Acheron the Vampire Fighter began the quest for the Orb.
     0 | D:1      | Reached XP level 1. HP: 17/17 MP: 1/1
    51 | D:1      | Reached skill level 1 in Stealth
    54 | D:2      | Found Wiecuo's Armour Shoppe.
   180 | D:1      | Reached XP level 2. HP: 23/23 MP: 2/2
   898 | D:3      | Noticed Natasha
   959 | D:2      | Gained mutation: You are afflicted with vampirism and can
                  | become a bat while bloodless. [Vampire growth]
   959 | D:2      | Reached XP level 3. HP: 28/28 MP: 3/3
  1051 | D:3      | Found a broken altar of Ashenzari.
  1099 | D:3      | Found Ijosoix's Antique Armour Boutique.
  1437 | D:2      | Reached skill level 1 in Dodging
  1443 | D:2      | Reached XP level 4. HP: 34/34 MP: 4/4
  1467 | D:2      | Found an ancient bone altar of Kikubaaqudgha.
  1828 | D:2      | Slain by a gnoll

Illustrated notes

Levels and vault maps discovered:
D:1:      amcnicky_arrival_underground_garden, layout_loops_ring, st_stairs_8
D:2:      layout_loops_corners, basic_altar, serial_forest,
          infiniplex_forest_zigzag_2, infiniplex_forest_lined_2,
          infiniplex_forest_straight_2, infiniplex_forest_lined_room_2,
          infiniplex_forest_zigzag_1, infiniplex_forest_lined_2,
          infiniplex_forest_clump_small, infiniplex_forest_end_1,
          infiniplex_forest_pool, infiniplex_forest_clump_diagonal,
          serial_shops, shop, hangedman_decor_push
D:3:      wad_pebble_path, layout_basic, mainiacjoe_overflow_boulevard,
          serial_shops, shop, ebering_ghost_sewer_d, minmay_puff, uniq_terence,
          uniq_natasha
D:4:      layout_loops_corners, minmay_temple_entry_wispy,
          chequers_hall_statues_y, grunt_tough_drop, uniq_duvessa, uniq_ijyb,
          uniq_eustachio

Skill      XL: |  1  2  3  4 |
---------------+-------------+-----
Stealth        | 1 2 |  2.9
Shields        | 3 |  3.5
Axes           | 2 |  2.6
Dodging        | 1 |  1.6
Fighting       | 3 |  3.0
Armour         | |  2.6

Action                   |  1- 3 |  4- 6 || total
-------------------------+-------+-------++-------
Melee: War axe           |   101 |    50 ||   151
       Bite              |     9 |     6 ||    15
Throw: Dart              |       |     4 ||     4
Armor: Scale mail        |    46 |    18 ||    64
Dodge: Dodged            |    50 |    27 ||    77
Block: Buckler           |    61 |    46 ||   107
       Reflection        |     1 |       ||     1
